Cogmind - Beta 16.1 @@@ ROGUE MODE // 2026.04.11 @ 18:31:53 Player: Maelyn Result: Destroyed by G-34 Mercenary with Small Laser Performance ------------- Evolutions (0) 0 Regions Visited (1) 200 Robots Destroyed (18) 90 Value Destroyed (464) 464 Prototype IDs (0) 0 Alien Tech Used (0) 0 Bonus (0) 0 TOTAL SCORE: 754 Bonus ------- None Cogmind --------- Core Integrity 0/250 Matter 292/300 Energy 125/125 System Corruption 10% Temperature Cool (6) Movement Treading (160) Location -10/Materials Parts ------- > --- POWER (1) -------- Light Ion Engine > --- PROPULSION (2) --- Light Treads Light Treads > --- UTILITY (2) ------ Medium Storage Unit > --- WEAPON (2) ------- Grenade Launcher > --- INVENTORY (10) --- Aluminum Leg Aluminum Leg Small Storage Unit Medium Battery (150) Targeting Computer ECM Suite Weapon Shielding EM Pulse Gun Light Assault Rifle Mining Claw Peak State ------------ > --- POWER ------------ Light Ion Engine > --- PROPULSION ------- Light Treads Light Treads > --- UTILITY ---------- Medium Storage Unit Light Armor Plating > --- WEAPON ----------- Small Laser Grenade Launcher > --- INVENTORY -------- Aluminum Leg Aluminum Leg Small Storage Unit Medium Battery Targeting Computer ECM Suite Weapon Shielding EM Pulse Gun Light Assault Rifle Mining Claw [Rating: 8] Favorites ----------- Power Light Ion Engine Engine Light Ion Engine Propulsion Light Treads Treads Light Treads Leg Aluminum Leg Utility Medium Storage Unit Device Seismic Detector Storage Medium Storage Unit Protection Light Armor Plating Weapon Small Laser Energy Gun Small Laser Launcher Grenade Launcher Build | -11 -10 ------- Run | Yrd Mat Slots Evolved . | . . Power . | . . Propulsion . | . . Utility . | . . Weapon . | . . Parts Attached 17 | 6 11 Power 4 | 1 3 Engine 4 | 1 3 Core . | . . Reactor . | . . Propulsion 6 | 2 4 Treads 4 | 2 2 Leg 2 | . 2 Wheel . | . . Hover . | . . Flight . | . . Utility 4 | 2 2 Device 1 | 1 . Storage 2 | 1 1 Processor . | . . Hackware . | . . Protection 1 | . 1 Artifact . | . . Weapon 3 | 1 2 Energy Gun 2 | 1 1 Energy Cannon . | . . Ballistic Gun . | . . Ballistic Cannon . | . . Launcher 1 | . 1 Special Weapon . | . . Impact Weapon . | . . Slashing Weapon . | . . Piercing Weapon . | . . Special Melee Weapon . | . . Unidentified Prototypes . | . . Parts Lost 9 | . 9 Power 3 | . 3 Propulsion 2 | . 2 Utility 2 | . 2 Weapon 2 | . 2 Highest Loss Streak 4 | . 4 To Critical Strikes . | . . Average Backups 7 | 5 7 Power . | 1 . Propulsion 2 | 3 2 Utility 2 | . 2 Weapon 2 | 1 2 Tool/Special . | . . Unused Backups 9 | . 9 Power . | . . Propulsion 2 | . 2 Utility 4 | . 4 Weapon 3 | . 3 Tool/Special . | . . Average Slot Usage (%) 84 | . 84 Engine 11 | . 11 Treads 25 | . 25 Device 3 | . 3 Storage 14 | . 14 Protection 8 | . 8 Energy Gun 13 | . 13 Launcher 5 | . 5 Peak Build Rating 8 | 6 8 Average Rating 5 | 3 6 On Entrance 3 | . 6 Avg Prop Armor Cover (%) . | . . Naked Turns . | . . Heaviest Build 20 | 11 20 Greatest Support 40 | 40 40 Greatest Overweight (x) 5 | 2 5 Average Overweight (x) . | . . Largest Inventory Capacity 10 | 8 10 Average Capacity 9 | 7 9 Most Carried 10 | 8 10 Average Carried 7 | 5 7 Final Capacity 10 | 8 10 Final Carried 10 | 7 10 Class Distribution -------------------- 100% | Mutant Dominant Class ---------------- Mutant | -10/Materials Resources | -11 -10 ----------- Run | Yrd Mat Matter Collected 379 | 250 129 Remotely . | . . Salvage Created 670 | 95 575 Parts 35 | 2 33 Haulers Intercepted 1 | . 1 Recyclers Shooed 1 | . 1 Parts Field Recycled . | . . Retrieved Matter . | . . Parts Self-Destructed . | . . Prevented . | . . Parts Restored . | . . Kills | -11 -10 ------- Run | Yrd Mat Combat Hostiles Destroyed 10 | . 10 Guns 10 | . 10 Classes Destroyed 6 | 2 4 Builder 1 | . 1 Tunneler 2 | 1 1 Hauler 1 | . 1 Recycler 2 | 1 1 Watcher 2 | . 2 Grunt 10 | . 10 Best Kill Streak 2 | 2 2 Combat Bots Only 2 | . 2 Max Kills in Single Turn 2 | 1 2 Gunslinging . | . . Exploded . | . . Melee . | . . Uniques/NPCs Destroyed . | . . Combat | -11 -10 -------- Run | Yrd Mat Hostile Shots Fired 121 | . 121 Missed 38 | . 38 Hits 83 | . 83 Projectile 83 | . 83 Critical Strikes 2 | . 2 Damage Taken 1184 | . 1184 Core 252 | . 252 Absorbed by Shields . | . . Core Remaining (%) 100 | 100 . Volleys Fired 90 | 4 86 Largest 2 | 1 2 Hottest 90 | 50 90 Shots Fired 97 | 4 93 Gun 94 | 4 90 Cannon . | . . Launcher 3 | . 3 Special . | . . Kinetic . | . . Thermal 94 | 4 90 Explosive 3 | . 3 Electromagnetic . | . . Robot Hit Streak 8 | 4 8 Robot Miss Streak 2 | . 2 Penetration Max . | . . Secondary Targets . | . . Shots Hit Robots 68 | 4 64 Core Hits 36 | 3 33 Critical Kills . | . . Critical Parts Destroyed . | . . Critical Strikes 4 | 1 3 Burn 4 | 1 3 Melee Attacks . | . . Impact . | . . Slashing . | . . Piercing . | . . Sneak Attacks . | . . Combat Hostiles . | . . Follow-up Attacks . | . . Damage Inflicted 922 | 50 872 Guns 776 | 50 726 Cannons . | . . Explosions 145 | . 145 Melee . | . . Ramming 1 | . 1 Kinetic . | . . Thermal 776 | 50 726 Explosive 145 | . 145 Electromagnetic . | . . Impact . | . . Slashing . | . . Piercing . | . . Highest Corruption 10 | . 10 Average Corruption 4 | . 4 Corruption Purged . | . . Corruption Blocked . | . . Effects 25 | . 25 Message Errors 8 | . 8 Matter Fused 2 | . 2 Energy Discharges 5 | . 5 Data Loss (minor) 4 | . 4 Misfires 4 | . 4 Alerts 1 | . 1 Weapon Failures 1 | . 1 Overload Shots . | . . Overflow Damage . | . . Projectiles . | . . Explosions . | . . Melee . | . . Knockbacks . | . . Impact . | . . Kinetic . | . . Secondary . | . . Self-Inflicted Damage 98 | . 98 Shots 3 | . 3 Rammed 1 | . 1 Targets Rammed 1 | . 1 Kicked . | . . Crushed . | . . Highest Temperature 231 | 30 231 Average Temperature 80 | 14 83 Received Heat Transfer 645 | . 645 Siege Activations . | . . Martial Activations . | . . Shielding Activations . | . . Robots Disrupted . | . . Combat Hostiles . | . . Robots Corrupted . | . . Combat Hostiles . | . . Parts Fried . | . . Impact Corruptions . | . . Robots Melted . | . . Combat Hostiles . | . . Parts Melted 5 | 2 3 Heat Transferred 2414 | 222 2192 Parts Sabotaged . | . . Parts Stolen . | . . Parts Stripped . | . . Power Chain Reactions . | . . Alert | -11 -10 ------- Run | Yrd Mat Maximum Alert Level . | . . Low Security (%) 100 | 100 100 Level 1 . | . . Level 2 . | . . Level 3 . | . . Level 4 . | . . Level 5 . | . . High Security . | . . Max Security . | . . Peak Influence 70 | 5 70 Initial . | . . Average 16 | . 17 Influence Increases 392 | 10 382 Destroy 0b10 Robot/C 200 | . 200 Destroy 0b10 Robot/NC 40 | 10 30 Destroy Leader 46 | . 46 Disable Machine 30 | . 30 Destroy Structure 31 | . 31 Lose Combat Pursuer 45 | . 45 Influence Decreases 359 | 10 349 Time Decay 269 | 10 259 Lost Part 90 | . 90 Squads Dispatched 3 | . 3 Investigation 1 | . 1 Extermination . | . . Reinforcement 2 | . 2 Assault . | . . Garrison . | . . Intercept . | . . Searches Triggered . | . . Construction Impeded . | . . Haulers Reinforced . | . . Active Scanning Responses . | . . Cargo Convoy Interrupts . | . . Stealth | -11 -10 --------- Run | Yrd Mat Distress Signals 2 | . 2 Communications Jammed . | . . Distress Signals . | . . Times Spotted 25 | . 25 Peak Tracking Total 3 | . 3 Tactical Retreats 2 | . 2 Traps | -11 -10 ------- Run | Yrd Mat Traps Triggered 9 | . 9 Indirectly . | . . Trap Hack Attempts . | . . Triggered . | . . Disarmed . | . . Reprogrammed . | . . Reused . | . . Traps Extracted . | . . Installed . | . . Triggered . | . . Machines | -11 -10 ---------- Run | Yrd Mat Machines Disabled 2 | . 2 Max in Single Turn 1 | . 1 Machines Repaired . | . . Machines Dismantled . | . . Machines Sabotaged . | . . Overloaded Fab Kills . | . . Hacking | -11 -10 --------- Run | Yrd Mat Machines Accessed . | . . Terminals . | . . Fabricators . | . . Repair Stations . | . . Recycling Units . | . . Scanalyzers . | . . Garrison Access . | . . Total Hacks . | . . Successful . | . . Failed . | . . Catastrophic . | . . Database Lockouts . | . . Manual . | . . Terminals . | . . Fabricators . | . . Repair Stations . | . . Recycling Units . | . . Scanalyzers . | . . Garrison Access . | . . Terminal Hacks . | . . Fabricator Hacks . | . . Repair Station Hacks . | . . Recycling Unit Hacks . | . . Scanalyzer . | . . Garrison Access Hacks . | . . Unauthorized Hacks . | . . Terminals . | . . Fabricators . | . . Repair Stations . | . . Recycling Units . | . . Scanalyzers . | . . Garrison Access . | . . Data Cores Recovered . | . . Used . | . . Hacking Detections . | . . Full Trace Events . | . . Feedback Events . | . . Feedback Blocked . | . . Robot Schematics Acquired . | . . Robots Built . | . . Authchips . | . . Time . | . . Total Robot Build Rating . | . . Part Schematics Acquired . | . . Parts Built . | . . Authchips . | . . Time . | . . Total Part Build Rating . | . . Part Studies Acquired . | . . Parts Repaired . | . . Time . | . . Parts Recycled . | . . Recycled Matter . | . . Retrieved Matter . | . . Retrieved Components . | . . Parts Scanalyzed . | . . Part Schematics Acquired . | . . Parts Damaged . | . . Bothacking | -11 -10 ------------ Run | Yrd Mat Used RIF Installer . | . . Robots Hacked . | . . Non-combat . | . . Combat . | . . Robot Hacks Applied . | . . Relay Couplers Released . | . . Fabnet Peak Effective % . | . . Robots Rewired . | . . Allies Hacked . | . . Hacks Repelled . | . . Allies | -11 -10 -------- Run | Yrd Mat Total Allies . | . . Largest Group . | . . Highest-Rated Group . | . . Highest-Rated Ally . | . . Total Orders . | . . Ally Attacks . | . . Total Damage . | . . Kills . | . . Allies Corrupted . | . . Allies Melted . | . . Intel | -11 -10 ------- Run | Yrd Mat Active Infowar (turns) 344 | 21 323 Seismic 344 | 21 323 Robot Analysis Total . | . . Derelict Logs Recovered . | . . Drone Launches . | . . Drone Recoveries . | . . Exploration | -11 -10 ------------- Run | Yrd Mat Turns Passed 1339 | 115 1224 Spaces Moved 690 | 58 632 Core 43 | 24 19 Treads 619 | 34 585 Legs 28 | . 28 Wheels . | . . Hover . | . . Flight . | . . Fastest Speed 50 | 50 120 Average Speed 159 | 143 161 Slowest Speed 300 | 160 300 Overloaded Moves . | . . Propulsion Burnouts . | . . Robots Hopped . | . . Potential Cave-ins . | . . Cave-ins Triggered . | . . Exploration Rate (%) 45 | 5 85 Regions Visited 1 Branch Regions . Pre-discovered Areas . | . . Known Exits Taken . | . . Unknown Exits Taken 1 | 1 . Scrap Searched . | . . Spaces Dug . | . . Terrain Destroyed 30 | . 30 Melee . | . . Projectile . | . . AOE 30 | . 30 Terrain Rammed . | . . Walls Destroyed . | . . Machines Disabled . | . . Actions | -11 -10 --------- Run | Yrd Mat Total 829 | 86 743 Wait 10 | 6 4 Move 689 | 57 632 Hop . | . . Pick Up 19 | 13 6 Fast Attach 5 | . 5 Attach 9 | 6 3 Detach . | . . Swap 4 | . 4 Drop 2 | . 2 Fire 90 | 4 86 Melee . | . . Ram . | . . Kick . | . . Crush 1 | . 1 Escape Stasis . | . . Rewire . | . . Trap . | . . Miscellaneous . | . . Route ------- -11/Scrapyard -10/Materials (discovered 4 exits: [*Mat x3] / [*Min]) History --------- Turn | Location | Event 26 | -11/Scrapyard | Discovered new exit (range 15) 116 | -11/Scrapyard | Entered Materials 257 | -10/Materials | Discovered new exit (range 14) 269 | -10/Materials | Discovered new exit (range 13) 304 | -10/Materials | Build established: Mutant 420 | -10/Materials | Discovered new exit (range 14) 503 | -10/Materials | Core integrity fell below 50% 541 | -10/Materials | Core integrity fell below 20% 562 | -10/Materials | Lost 4 parts (1p2n1w) 960 | -10/Materials | Discovered new exit (range 16) 1336 | -10/Materials | System corruption reached 10% 1340 | -10/Materials | Destroyed by G-34 Mercenary with Small Laser Last Messages --------------- 01263_ R-06 Scavenger destroyed. 01269_ Fusion Modulator explodes. 01282_ Triggered Alarm Trap. 01282_ An alarm sounds. 01282_ ALERT: Alarm triggered, dispatching investigation squad. 01298_ System corrupted: Component data lost. 01305_ O-16 Technician: "IFF HANDSHAKE FAILED. SECURING TERMINAL." 01308_ Acquired 2 matter. 01313_ Lgt. Armor Plating destroyed. 01315_ K-01 Serf cleans the Machine. 01317_ Sml. Laser destroyed. 01324_ System corrupted: Component data lost. 01324_ ALERT: Hostiles spotted, dispatching reinforcements to Terminal M002. 01333_ Triggered Shock Trap. 01333_ The floor emits a surge of raw power. 01333_ System corrupted (+1). 01335_ Triggered Shock Trap. 01335_ The floor emits a surge of raw power. 01335_ System corrupted (+2). Map ----- +----------------------------------------------------+ | # / T #????#" """ + T #? | | # # #????# """ ## #? | | # # ##### #????# ## #? | | # """"""" #######???# ###### ### ##? | | # """"""" #?????????# #############?# #?? | | ??""""""" #?????????# #????##???????# #?? | | ???""""""=#?????????# !| #???"""""#????# #?? | | ???""""""%#?????????# || #?? |"| "#???## ### | | ???######+########### | ##" "##### | | ?????# % | | ?????# < %% < % | | ?????# % | | ????#####/############## #### ##### % | | ???## ! = #????????#ggt##??############### % | | ???# "" #????????# #????????? # | | ???# "" #????????# #??????????""""" # | | ???# "" """" #????????# #??????????""""" + | | ???##"T """" #????????# #??????????""""" # | | ???##"" "" #????????#r #??????????""""" # | | ????#"" #????????# #???????????"""" ?# # | | ????# #????????# #???????????"""" ?# # | | ?????##########????????# #???????????""""??# # | | ?????# #?????????# #??????????? ??# # | | ?????# """ #?????????# ^#???????????###???# # | | ?????# "Y" #?????????# #?????????????????# # | | ###### " " #?????????# @ #?????????????????# # | | #?? ????######## ###################^^ # | | #####+###???# # # | | "" !# ##### # | | "" # + """ # % | | "" + """ ##### """ + """ " | | # """ #???# """ # """"""" "% | | ##### """ #???# # """ """ | | ?# ############ % "T" | | ?# """ | | ?######### | | ?# # | | ?# + #########+## | | ?# # #???# | | ?######### ################## #???# | | ????######+#######????????????????# < #???# | | ????# #????????????????# #???# | | ????# """ """ #????????????????#####???# == | | ????# """ """ #????????????????????????# == | | ????# """ """ #????????????????????????# = | | ????# #????????????????????????# | | ????##############????????????????????????######## | | | | | | | +----------------------------------------------------+ Best States ------------- Heat Dissipation 25 Energy Generation 10 Energy Capacity 250 Matter Stores 300 Matter Capacity 300 Sight Range 16 Terrain Scan Density 10 Armor Coverage 150 Evasion (%) 55 Recoil Reduction 2 Item Schematics ----------------- None Robot Schematics ------------------ None Fabricated ------------ Nothing Repaired ---------- Nothing Studied --------- None Alien Tech Used ----------------- None Achievements -------------- Maybe Next Time I'll Detach My Launcher Challenges ------------ None Game ------ Seed MiningMinesnifferWeb Manual? 0 Play Time 00:25:34 Cumulative 38.4 hours Start 2026.04.11 @ 17:12:45 End 2026.04.11 @ 18:31:53 Sessions 13 Manual Loads 0 Difficulty Rogue Special Mode None Game No. 96 Rogue 96 Adventurer 0 Explorer 0 Win Type - Total 0 Types 0/0/0/0/0/0/0/0/0/0 Lore% 14 Gallery% 25 Achievement% 17 Wizard Run 0 Options --------- Layout 0 ASCII 1 Keyboard 0 Movement Vi Keybinds 0 Fullscreen 2 Font 18/T_Terminus Map View 76x50 Zoom Use 7% Tactical HUD 1 Map Filters NONE Filters NONE Steam 1 RUN: fc57ab3f-0185-4717-8150-b09ba7df12c8